HSSL
MOUNTAIN POINTE HS @ OTSEGO HS BULLDOGS
04/29/2027
 
TOP OF THE 1ST
Mountain Pointe HS batting - Pitching for Otsego HS Bulldogs : RHP Manny Cook
Pitching: RHP Manny Cook
Batting: RHB Richard Bass 0-0: Ball
1-0: Swinging Strike
1-1: Foul Ball, location: 2F
1-2: Hit by Pitch
Batting: LHB Johnny Beach 0-0: Called Strike
0-1: Called Strike
0-2: Foul Ball, location: 2F
0-2: Ball
Richard Bass steals 2nd base
1-2: Foul Ball, location: 2F
1-2: Foul Ball, location: 2F
1-2: Strikes out swinging
Batting: RHB Vicente Correa 0-0: Ground out 1-3 (Groundball, 15)
Batting: SHB Larry Brantley 0-0: Ball
1-0: SINGLE (Flyball, 9S)
Richard Bass to third
Runner from 3rd tries for Home, SAFE, no throw
Batting: LHB Rob Johnson 0-0: Ball
1-0: Ball
2-0: TRIPLE (Flyball, 89D)
Larry Brantley scores
Batting: RHB Bill Sharp 0-0: Foul Ball, location: 2F
0-1: Swinging Strike
0-2: Foul Ball, location: 2F
0-2: Fly out, F6 (Popup, 56D)
Top of the 1st over - 2 run(s), 2 hit(s), 0 error(s), 1 left on base; Mountain Pointe HS 2 - Otsego HS 0
BOTTOM OF THE 1ST
Otsego HS Bulldogs batting - Pitching for Mountain Pointe HS : LHP Jim Bridges
Pitching: LHP Jim Bridges
Batting: RHB Tommy Miller 0-0: Called Strike
0-1: Foul Ball, location: 2F
0-2: SOLO HOME RUN (Flyball, 7D), Distance : 392 ft
Batting: LHB Dave Wilkinson 0-0: Ball
1-0: Ball
2-0: Ball
3-0: Called Strike
3-1: Swinging Strike
3-2: Strikes out looking
Batting: RHB Robbie Barnes 0-0: Foul Ball, location: 2F
0-1: Ball
1-1: Ball
2-1: SINGLE (Flyball, 89M)
Batting: RHB Sam Elder 0-0: Called Strike
0-1: Swinging Strike
0-2: SINGLE (Line Drive, 4MD)
Robbie Barnes to second
Batting: LHB Bill Poe 0-0: Ball
1-0: Fly out, F4 (Flyball, 4MD)
Batting: RHB Tim Anderson 0-0: Ball
1-0: Called Strike
1-1: DOUBLE (Line Drive, 9)
Robbie Barnes scores
Sam Elder to third
Runner from 3rd tries for Home, SAFE, no throw
Batting: RHB Pedro Ayala 0-0: Ground out 4-3 (Groundball, 4M)
Bottom of the 1st over - 3 run(s), 4 hit(s), 0 error(s), 1 left on base; Mountain Pointe HS 2 - Otsego HS 3
TOP OF THE 2ND
Mountain Pointe HS batting - Pitching for Otsego HS Bulldogs : RHP Manny Cook
Batting: SHB Erwin Dwyer 0-0: Ball
1-0: Ball
2-0: Ground out 5-3 (Groundball, 56)
Batting: SHB Paul Campbell 0-0: Ball
1-0: DOUBLE (Line Drive, 9LM)
Batting: RHB Harry Edwards 0-0: Foul Ball, location: 2F
0-1: Ball
1-1: Foul Ball, location: 2F
1-2: Foul Ball, location: 2F
1-2: Strikes out looking
Batting: RHB Richard Bass 0-0: Swinging Strike
0-1: Ball
1-1: Called Strike
1-2: Ball
2-2: Ball
3-2: Fly out, F7 (Flyball, 7LMF)
Top of the 2nd over - 0 run(s), 1 hit(s), 0 error(s), 1 left on base; Mountain Pointe HS 2 - Otsego HS 3
BOTTOM OF THE 2ND
Otsego HS Bulldogs batting - Pitching for Mountain Pointe HS : LHP Jim Bridges
Batting: RHB Michael Carr 0-0: Ball
1-0: Ball
2-0: SINGLE (Groundball, 34D)
Batting: RHB Dan Miller 0-0: Called Strike
0-1: Ball
1-1: Fly out, F8 (Flyball, 8RM)
Batting: RHB Tommy Miller 0-0: Called Strike
0-1: Foul Ball, location: 2F
Pickoff Throw to First - Out!
0-2: Ball
1-2: Strikes out looking
Bottom of the 2nd over - 0 run(s), 1 hit(s), 0 error(s), 0 left on base; Mountain Pointe HS 2 - Otsego HS 3
TOP OF THE 3RD
Mountain Pointe HS batting - Pitching for Otsego HS Bulldogs : RHP Manny Cook
Batting: LHB Johnny Beach 0-0: Called Strike
0-1: Ball
1-1: SOLO HOME RUN (Flyball, 9LD), Distance : 349 ft
Batting: RHB Vicente Correa 0-0: Ball
1-0: Foul Ball, location: 2F
1-1: Called Strike
1-2: Ball
2-2: Foul Ball, location: 2F
2-2: Ball
3-2: SINGLE (Line Drive, 4D)
Batting: SHB Larry Brantley 0-0: Ball
Vicente Correa is caught stealing 2nd base
1-0: Ground out 6-3 (Groundball, 6)
Batting: LHB Rob Johnson 0-0: Foul Ball, location: 2F
0-1: Ball
1-1: Called Strike
1-2: Ball
2-2: Ball
3-2: Reached on error, E6 (Groundball, 6M)
Batting: RHB Bill Sharp 0-0: Ball
1-0: Called Strike
1-1: Called Strike
1-2: Ball
2-2: Ball
3-2: Strikes out looking
Top of the 3rd over - 1 run(s), 2 hit(s), 1 error(s), 1 left on base; Mountain Pointe HS 3 - Otsego HS 3
BOTTOM OF THE 3RD
Otsego HS Bulldogs batting - Pitching for Mountain Pointe HS : LHP Jim Bridges
Batting: LHB Dave Wilkinson 0-0: Ball
1-0: Hit by Pitch
Batting: RHB Robbie Barnes 0-0: Ball
1-0: Foul Ball, location: 2F
1-1: Ball
2-1: Ball
3-1: SINGLE (Line Drive, 8LS)
Dave Wilkinson to second
Batting: RHB Sam Elder 0-0: Ball
1-0: Foul Ball, location: 2F
1-1: SINGLE (Flyball, 9LM)
Dave Wilkinson to third
Robbie Barnes to second
Runner from 3rd tries for Home, SAFE, no throw
Batting: LHB Bill Poe 0-0: Swinging Strike
0-1: Ball
1-1: Ground out 3-1 (Groundball, 34D)
Robbie Barnes to third
Sam Elder to second
Batting: RHB Tim Anderson 0-0: Called Strike
0-1: Foul Ball, location: 2F
0-2: Ball
1-2: Fly out, F9 (Flyball, 9LS)
Batting: RHB Pedro Ayala 0-0: Ball
1-0: Called Strike
1-1: Called Strike
1-2: Strikes out swinging
Bottom of the 3rd over - 1 run(s), 2 hit(s), 0 error(s), 2 left on base; Mountain Pointe HS 3 - Otsego HS 4
TOP OF THE 4TH
Mountain Pointe HS batting - Pitching for Otsego HS Bulldogs : RHP Manny Cook
Batting: SHB Erwin Dwyer 0-0: Swinging Strike
0-1: SINGLE (Line Drive, 9S)
Batting: SHB Paul Campbell 0-0: Swinging Strike
0-1: SINGLE (Groundball, 34D)
Erwin Dwyer to second
Batting: RHB Harry Edwards 0-0: Grounds into double play, 6-4-3 (Groundball, 6)
Erwin Dwyer to third
Batting: RHB Richard Bass 0-0: Called Strike
0-1: Swinging Strike
0-2: Ball
1-2: Ball
2-2: Ball
Wild Pitch!
Erwin Dwyer scores
3-2: Fly out, F8 (Flyball, 8RM)
Top of the 4th over - 1 run(s), 2 hit(s), 0 error(s), 0 left on base; Mountain Pointe HS 4 - Otsego HS 4
BOTTOM OF THE 4TH
Otsego HS Bulldogs batting - Pitching for Mountain Pointe HS : LHP Jim Bridges
Batting: RHB Michael Carr 0-0: Ball
1-0: Ground out 3-1 (Groundball, 34)
Batting: RHB Dan Miller 0-0: Called Strike
0-1: Ball
1-1: Called Strike
1-2: Ball
2-2: Strikes out swinging
Batting: RHB Tommy Miller 0-0: Ball
1-0: Foul Ball, location: 2F
1-1: Ball
2-1: Called Strike
2-2: Foul Ball, location: 2F
2-2: Fly out, F9 (Flyball, 9LS)
Bottom of the 4th over - 0 run(s), 0 hit(s), 0 error(s), 0 left on base; Mountain Pointe HS 4 - Otsego HS 4
TOP OF THE 5TH
Mountain Pointe HS batting - Pitching for Otsego HS Bulldogs : RHP Manny Cook
Batting: LHB Johnny Beach 0-0: Ball
1-0: Ball
2-0: Ball
3-0: Called Strike
3-1: Ground out 4-3 (Groundball, 4)
Batting: RHB Vicente Correa 0-0: Called Strike
0-1: Called Strike
0-2: Strikes out looking
Batting: SHB Larry Brantley 0-0: Swinging Strike
0-1: Foul Ball, location: 2F
0-2: Ball
1-2: Foul Ball, location: 2F
1-2: Ground out 4-3 (Groundball, 4)
Top of the 5th over - 0 run(s), 0 hit(s), 0 error(s), 0 left on base; Mountain Pointe HS 4 - Otsego HS 4
BOTTOM OF THE 5TH
Otsego HS Bulldogs batting - Pitching for Mountain Pointe HS : LHP Jim Bridges
Batting: LHB Dave Wilkinson 0-0: Ball
1-0: Called Strike
1-1: SINGLE (Line Drive, 89S)
Batting: RHB Robbie Barnes 0-0: Foul Ball, location: 2F
0-1: DOUBLE (Flyball, 78D)
Dave Wilkinson to third
Runner from 3rd tries for Home, SAFE, throw made home
Pitching: RHP Carl Brady
Batting: RHB Sam Elder 0-0: Called Strike
0-1: Ball
1-1: Ball
2-1: Ball
3-1: Called Strike
3-2: Fly out, F9 (Flyball, 9LMF)
Batting: LHB Bill Poe 0-0: Swinging Strike
0-1: Ball
1-1: Ball
2-1: Ball
3-1: Base on Balls
Batting: RHB Tim Anderson 0-0: Ball
1-0: Swinging Strike
1-1: Ball
2-1: Fly out, F9 (Flyball, 9LMF)
Batting: RHB Pedro Ayala 0-0: Called Strike
0-1: Swinging Strike
0-2: Strikes out swinging
Bottom of the 5th over - 1 run(s), 2 hit(s), 0 error(s), 2 left on base; Mountain Pointe HS 4 - Otsego HS 5
TOP OF THE 6TH
Mountain Pointe HS batting - Pitching for Otsego HS Bulldogs : RHP Manny Cook
Pitching: RHP Brian Lovelace
Batting: LHB Rob Johnson 0-0: Called Strike
0-1: Foul Ball, location: 2F
0-2: Ball
1-2: Strikes out swinging
Batting: RHB Bill Sharp 0-0: Ball
1-0: Ground out 1-3 (Groundball, 13S)
Batting: SHB Erwin Dwyer 0-0: Called Strike
0-1: Ball
1-1: Ball
2-1: Called Strike
2-2: Strikes out swinging
Top of the 6th over - 0 run(s), 0 hit(s), 0 error(s), 0 left on base; Mountain Pointe HS 4 - Otsego HS 5
BOTTOM OF THE 6TH
Otsego HS Bulldogs batting - Pitching for Mountain Pointe HS : RHP Carl Brady
Batting: RHB Michael Carr 0-0: Ball
1-0: Ball
2-0: Ground out 4-3 (Groundball, 4M)
Batting: RHB Dan Miller 0-0: Ball
1-0: Foul Ball, location: 2F
1-1: Foul Ball, location: 2F
1-2: Strikes out swinging
Batting: RHB Tommy Miller 0-0: Foul Ball, location: 2F
0-1: Ball
1-1: Foul Ball, location: 2F
1-2: Fly out, F9 (Flyball, 9LSF)
Bottom of the 6th over - 0 run(s), 0 hit(s), 0 error(s), 0 left on base; Mountain Pointe HS 4 - Otsego HS 5
TOP OF THE 7TH
Mountain Pointe HS batting - Pitching for Otsego HS Bulldogs : RHP Brian Lovelace
Batting: SHB Paul Campbell 0-0: Called Strike
0-1: Called Strike
0-2: Fly out, F7 (Flyball, 7S)
Batting: RHB Harry Edwards 0-0: Ball
1-0: Ball
2-0: Ball
3-0: Called Strike
3-1: Ground out 4-3 (Groundball, 4S)
Batting: RHB Richard Bass 0-0: Foul Ball, location: 2F
0-1: Ball
1-1: Swinging Strike
1-2: Ball
2-2: Strikes out looking
Top of the 7th over - 0 run(s), 0 hit(s), 0 error(s), 0 left on base; Mountain Pointe HS 4 - Otsego HS 5
BOTTOM OF THE 7TH
Otsego HS Bulldogs batting - Pitching for Mountain Pointe HS : RHP Carl Brady
Batting: LHB Dave Wilkinson 0-0: Foul Ball, location: 2F
0-1: Ball
1-1: Fly out, F3 (Line Drive, 3S)
Batting: RHB Robbie Barnes 0-0: Ball
1-0: Ball
2-0: Called Strike
2-1: Ball
3-1: Base on Balls
Batting: RHB Sam Elder 0-0: Called Strike
0-1: Swinging Strike
0-2: Ball
1-2: Foul Ball, location: 2F
1-2: SINGLE (Groundball, 6MD)
Robbie Barnes to second
Batting: LHB Bill Poe 0-0: Called Strike
0-1: Swinging Strike
0-2: Strikes out swinging
Pitching: RHP Ben Crochers
Batting: RHB Tim Anderson 0-0: Called Strike
0-1: Ball
1-1: Fielders Choice at 2nd, 6-4 (Groundball, 6)
Bottom of the 7th over - 0 run(s), 1 hit(s), 0 error(s), 1 left on base; Mountain Pointe HS 4 - Otsego HS 5
TOP OF THE 8TH
Mountain Pointe HS batting - Pitching for Otsego HS Bulldogs : RHP Brian Lovelace
Pitching: LHP Bob Hill
Batting: LHB Johnny Beach 0-0: Ball
1-0: Called Strike
1-1: Ground out 4-3 (Groundball, 4)
Pitching: RHP Russell Rose
Batting: RHB Vicente Correa 0-0: Ball
1-0: Hit by Pitch
Batting: SHB Larry Brantley 0-0: Ball
1-0: Ball
2-0: Swinging Strike
2-1: Called Strike
2-2: Strikes out looking
Pitching: LHP Jesús Muñíz
Batting: LHB Rob Johnson 0-0: Ball
1-0: Ball
2-0: 2-RUN HOME RUN (Flyball, 9D), Distance : 379 ft
Batting: RHB Bill Sharp 0-0: Foul Ball, location: 2F
0-1: Called Strike
0-2: Ball
1-2: Foul Ball, location: 2F
1-2: Foul Ball, location: 2F
1-2: Strikes out swinging
Top of the 8th over - 2 run(s), 1 hit(s), 0 error(s), 0 left on base; Mountain Pointe HS 6 - Otsego HS 5
BOTTOM OF THE 8TH
Otsego HS Bulldogs batting - Pitching for Mountain Pointe HS : RHP Ben Crochers
Batting: RHB Pedro Ayala 0-0: Ball
1-0: Foul Ball, location: 2F
1-1: Fly out, F5 (Popup, 5S)
Batting: RHB Michael Carr 0-0: Fly out, F8 (Flyball, 8LM)
Batting: RHB Dan Miller 0-0: DOUBLE (Line Drive, 7LS)
Batting: RHB Tommy Miller 0-0: Ball
1-0: Ball
2-0: Called Strike
2-1: Single, Error in OF, E9, batter to second base
Dan Miller scores
Batting: LHB Dave Wilkinson 0-0: Ground out 5-3 (Groundball, 56S)
Bottom of the 8th over - 1 run(s), 2 hit(s), 1 error(s), 1 left on base; Mountain Pointe HS 6 - Otsego HS 6
TOP OF THE 9TH
Mountain Pointe HS batting - Pitching for Otsego HS Bulldogs : LHP Jesús Muñíz
Pitching: RHP Artie Green
Batting: SHB Erwin Dwyer 0-0: Ball
1-0: Foul Ball, location: 2F
1-1: Ball
2-1: Ball
3-1: Base on Balls
Batting: SHB Paul Campbell 0-0: Bunted foul
0-1: Bunted foul
0-2: Ball
1-2: 2-RUN HOME RUN (Flyball, 9LD), Distance : 362 ft
Pitching: RHP Bill Chambers
Batting: RHB Harry Edwards 0-0: Ball
1-0: Ball
2-0: Foul Ball, location: 2F
2-1: Reached on error, E6 (Groundball, 6)
Batting: RHB Richard Bass 0-0: Called Strike
0-1: Foul Ball, location: 2F
0-2: Ball
1-2: Foul Ball, location: 2F
1-2: Ball
2-2: Strikes out swinging
Batting: LHB Johnny Beach 0-0: Grounds into double play, 6-4-3 (Groundball, 6)
Top of the 9th over - 2 run(s), 1 hit(s), 1 error(s), 0 left on base; Mountain Pointe HS 8 - Otsego HS 6
BOTTOM OF THE 9TH
Otsego HS Bulldogs batting - Pitching for Mountain Pointe HS : RHP Ben Crochers
Pitching: LHP Rory Black
Batting: RHB Robbie Barnes 0-0: Ball
1-0: Ball
2-0: Foul Ball, location: 2F
2-1: Ball
3-1: Base on Balls
Batting: RHB Sam Elder 0-0: Called Strike
0-1: Swinging Strike
0-2: Foul Ball, location: 2F
0-2: Foul Ball, location: 2F
0-2: Strikes out swinging
Batting: LHB Bill Poe 0-0: Ball
1-0: Swinging Strike
1-1: Foul Ball, location: 2F
1-2: Foul Ball, location: 2F
1-2: Strikes out looking
Batting: RHB Tim Anderson 0-0: Ball
1-0: SINGLE (Groundball, 34D)
Robbie Barnes to second
Runner from 2nd tries for 3rd, SAFE, throw made to third
Batting: RHB Pedro Ayala 0-0: SINGLE (Groundball, 34D)
Robbie Barnes scores
Tim Anderson to second
Batting: RHB Michael Carr 0-0: Called Strike
0-1: Ball
1-1: Swinging Strike
1-2: SINGLE (Flyball, 7LS)
Tim Anderson to third
Pedro Ayala to second
Runner from 3rd tries for Home, SAFE, throw made home
Pedro Ayala to third
Michael Carr to second
Pitching: RHP Mike Barnett
Batting: RHB Dan Miller 0-0: Ground out 4-3 (Groundball, 4)
Bottom of the 9th over - 2 run(s), 3 hit(s), 0 error(s), 2 left on base; Mountain Pointe HS 8 - Otsego HS 8
TOP OF THE 10TH
Mountain Pointe HS batting - Pitching for Otsego HS Bulldogs : RHP Bill Chambers
Pitching: RHP Robinson Jiménez
Batting: RHB Vicente Correa 0-0: Ball
1-0: Ball
2-0: Swinging Strike
2-1: Foul Ball, location: 2F
2-2: Foul Ball, location: 2F
2-2: Strikes out swinging
Batting: SHB Larry Brantley 0-0: Ball
1-0: Foul Ball, location: 2F
1-1: Foul Ball, location: 2F
1-2: Ball
2-2: Ball
3-2: Reached on error, E6 (Groundball, 6)
Batting: LHB Rob Johnson 0-0: Intentional Walk
Batting: RHB Bill Sharp 0-0: Ball
1-0: Ball
2-0: Called Strike
2-1: Called Strike
2-2: Foul Ball, location: 2F
2-2: Ball
3-2: Strikes out swinging
Batting: SHB Erwin Dwyer 0-0: SINGLE (Groundball, 4MD)
Larry Brantley to third
Rob Johnson to second
Runner from 3rd tries for Home, SAFE, no throw
Batting: SHB Paul Campbell 0-0: Reached on error, E4 (Groundball, 4)
Rob Johnson to third
Erwin Dwyer to second
Batting: RHB Harry Edwards 0-0: Swinging Strike
0-1: Ball
1-1: Ground out 5-3 (Groundball, 56)
Top of the 10th over - 1 run(s), 1 hit(s), 2 error(s), 3 left on base; Mountain Pointe HS 9 - Otsego HS 8
BOTTOM OF THE 10TH
Otsego HS Bulldogs batting - Pitching for Mountain Pointe HS : RHP Mike Barnett
Pitching: RHP Tim Pope
Batting: RHB Tommy Miller 0-0: Fly out, F8 (Flyball, 8RD)
Batting: LHB Dave Wilkinson 0-0: Ball
1-0: Called Strike
1-1: Ball
2-1: Ball
3-1: Foul Ball, location: 2F
3-2: Foul Ball, location: 2F
3-2: Fly out, F4 (Popup, 4D)
Batting: RHB Robbie Barnes 0-0: SINGLE (Line Drive, 4MD)
Batting: RHB Sam Elder 0-0: Ball
1-0: Foul Ball, location: 2F
1-1: Ball
2-1: SINGLE (Groundball, 56D)
Robbie Barnes to second
Batting: LHB Bill Poe 0-0: Called Strike
0-1: Fly out, F8 (Flyball, 8LM)
Bottom of the 10th over - 0 run(s), 2 hit(s), 0 error(s), 2 left on base; Mountain Pointe HS 9 - Otsego HS 8
Thursday, March 30th, 2017 - OOTP Baseball 17.12 Build 75